 Dungeon Crawl Stone Soup version 0.25-a0-729-g14964f1db5 (webtiles) character file.

Game seed: 11602898909387774975, levelgen mode: deterministic

5714 GameOver the Covert (level 10, -3/88 HPs)
             Began as a Naga Wizard on Feb 25, 2020.
             Was a Priest of Kikubaaqudgha.
             Slain by a water moccasin (8 damage)
             ... on level 10 of the Dungeon on June 10, 2020.
             The game lasted 01:12:23 (8104 turns).

GameOver the Covert (Naga Wizard)                   Turns: 8104, Time: 01:12:24

Health: -3/88      AC:  7    Str:  9    XL:     10   Next: 76%
Magic:  19/19      EV: 25    Int: 21    God:    Kikubaaqudgha [***...]
Gold:   60         SH:  0    Dex: 11    Spells: 5/21 levels left

rFire    + . .     SeeInvis +   j - +2 short sword (protect)
rCold    + . .     Gourm    .   (no shield)
rNeg     + . .     Faith    .   D - +2 robe {rN+}
rPois    +         Spirit   .   b - +0 hat
rElec    .         Reflect  .   (no cloak)
rCorr    .         Harm     .   P - +0 pair of gloves
MR       +....                  (no barding)
Stlth    ++++......             F - amulet of the acrobat
HPRegen  0.24/turn              a - ring of protection from fire
MPRegen  0.16/turn              n - ring of protection from cold

@: acrobat, very slow
A: large, see invisible, deformed body, poison resistance, slowness 2, slow
metabolism 1, spit poison 1, evolution 1, AC +3
a: Spit Poison, Receive Corpses, Renounce Religion


You were on level 10 of the Dungeon.
You worshipped Kikubaaqudgha.
Kikubaaqudgha was most pleased with you.
You were not hungry.

You visited 2 branches of the dungeon, and saw 11 of its levels.
You also visited: Sewer.

You collected 324 gold pieces.
You spent 264 gold pieces at shops.

Inventory:

Hand Weapons
 g - a +2 whip of venom
 i - a +0 spear
 j - a +2 short sword of protection (weapon)
 t - a +0 broad axe
 H - a +5 arbalest of flaming
 O - a +0 quarterstaff
Missiles
 e - 83 sling bullets
Armour
 b - a +0 hat (worn)
 p - a +0 buckler
 D - a +2 robe of positive energy (worn)
 G - a +1 robe of resistance
 P - a +0 pair of gloves (worn)
Jewellery
 a - a ring of protection from fire (left hand)
 n - a ring of protection from cold (right hand)
 E - the amulet "Foann" {Reflect *Slow Int+4 Dex+6 SH+3}
   (You found it on level 10 of the Dungeon)

   [amulet of reflection]

   It shields you and reflects attacks.
   It affects your intelligence (+4).
   It affects your dexterity (+6).
   It may slow you when you take damage.
   It affects your SH (+3).
 F - an amulet of the acrobat (around neck)
 L - an uncursed ring of stealth
Wands
 u - a wand of random effects (15)
 y - a wand of enslavement (5)
Scrolls
 c - 2 scrolls of remove curse
 h - 4 scrolls of fear {unknown}
 k - a scroll of random uselessness {unknown}
 l - 2 scrolls of fog {unknown}
 q - a scroll of amnesia
 r - a scroll of identify
 s - 3 scrolls of teleportation
 v - 3 scrolls of immolation {unknown}
 x - 3 scrolls of enchant armour {unknown}
 A - 4 scrolls of magic mapping
 C - 5 scrolls of blinking
 I - a scroll of vulnerability
 J - a scroll of holy word
Potions
 f - 3 potions of mutation
 m - 4 potions of heal wounds
 o - 2 potions of flight
 w - 5 potions of haste
 z - 4 potions of brilliance
 B - 3 potions of curing
 K - 3 potions of lignification
 N - a potion of ambrosia
Comestibles
 d - 14 rations


   Skills:
 - Level 5.1 Fighting
 - Level 1.5 Dodging
 + Level 10.7 Stealth
 + Level 6.1 Spellcasting
 - Level 6.3 Conjurations
 - Level 5.0 Hexes
   Level 1.0 Summonings
 - Level 6.2 Necromancy
 - Level 3.0 Translocations
 + Level 0.0 Transmutations
 - Level 6.5 Poison Magic


You had 5 spell levels left.
You knew the following spells:

 Your Spells              Type           Power        Failure   Level  Hunger
a - Magic Dart            Conj           ####         1%          1    None
b - Blink                 Tloc           N/A          4%          2    None
c - Dispel Undead         Necr           ####....     8%          4    ####...
d - Mephitic Cloud        Conj/Pois/Air  ###.....     4%          3    ##.....
e - Animate Skeleton      Necr           N/A          1%          1    None
w - Spider Form           Tmut/Pois      ###.......   8%          3    ##.....
C - Slow                  Hex            ####....     1%          2    None

Your spell library contained the following spells:

 Spells                   Type           Power        Failure   Level  Hunger
 Pain                     Necr           ####         1%          1    None
 Sublimation of Blood     Necr           ####......   1%          2    None
 Vampiric Draining        Necr           ####......   2%          3    ##.....
 Conjure Flame            Conj/Fire      ###.....     8%          3    ##.....
 Animate Dead             Necr           N/A          8%          4    ####...
 Beastly Appendage        Tmut           #.....       10%         1    None
 Call Imp                 Summ           ##......     10%         2    None
 Cause Fear               Hex            ####......   12%         4    ####...
 Sticks to Snakes         Tmut           #.......     14%         2    None
 Agony                    Necr           ####....     21%         5    #####..
 Excruciating Wounds      Chrm/Necr      ###.......   58%         5    #####..
 Ice Form                 Ice/Tmut       #.......     67%         4    ####...
 Silence                  Hex/Air        ###.......   67%         5    #####..
 Yara's Violent Unravell  Hex/Tmut       ###.......   67%         5    #####..
 Blade Hands              Tmut           #.........   95%         5    #####..
 Simulacrum               Ice/Necr       ###.......   99%         6    #######
 Deflect Missiles         Chrm/Air       #.........   100%        6    #######
 Discord                  Hex            ####......   100%        8    #######


Dungeon Overview and Level Annotations

Branches:
Dungeon (10/15)            Temple (1/1) D:4           Sewer (visited)
   Lair: D:8-11         Orc: D:9-12

Altars:
Ashenzari
Cheibriados
Dithmenos
Elyvilon
Fedhas
Gozag
Hepliaklqana
Kikubaaqudgha
Makhleb
Nemelex Xobeh
Okawaru
Qazlal
Ru
Sif Muna
Trog
Uskayaw
Vehumet
Wu Jian
Xom
Yredelemnul
Zin
The Shining One

Shops:
D:5 ?   D:7 *   D:9 *

Annotations:
D:5 3 runed translucent doors, LSt's ghost, novice MiCK


Innate Abilities, Weirdness & Mutations

You cannot wear boots.
Your serpentine skin is tough. (AC +3)
You have supernaturally acute eyesight. (SInv)
Armour fits poorly on your strangely shaped body.
Your system is resistant to poisons. (rPois)
You cover ground very slowly.
You have a slow metabolism.
You can spit poison.
You evolve.


Message History

The water moccasin barely misses you.
The leopard gecko completely misses you.
Unknown command.
Unknown command.
The water moccasin barely misses you. The leopard gecko barely misses you.
The water moccasin barely misses you.
Unknown command.
The leopard gecko bites you but does no damage.
The water moccasin misses you.
The leopard gecko completely misses you.
The water moccasin misses you.
Unknown command.
The water moccasin completely misses you.
The leopard gecko completely misses you.
The water moccasin completely misses you.
The leopard gecko completely misses you.
Unknown command.
The water moccasin bites you!
You die...
Kikubaaqudgha rasps: "You have failed me!
Welcome... death!"

..... . #.# #......./. .
#.# #####....#....
.#####.###...#.........
#..........#..........
#.............#......# #
#.............#...##.#..
#.......................
#..........#..S@#.......
#.............l.........
#.........##............
#.......................
#.........##............
#.........##..#..#.#....
#.........##............
#.........##..#.........
#.........##............


You could see a water moccasin and a leopard gecko.

Vanquished Creatures
  2 two-headed ogres (D:10)
  A hornet (D:8)
  2 hippogriffs
  A wyvern (D:9)
  3 sky beasts (D:6)
  3 ice beasts
  An orc warrior (D:7)
  A phantom (D:9)
  A necrophage (D:5)
  5 ogres
  A centaur (D:8)
  4 bullfrogs
  3 scorpions
  10 killer bees
  A crimson imp (D:6)
  A bullfrog zombie (D:4)
  2 quasits
  A centaur zombie (D:5)
  2 bullfrog skeletons
  4 hounds
  3 jellies
  An orc priest (D:6)
  A centaur skeleton (D:5)
  4 iguanas
  7 orc wizards
  13 worker ants
  2 howler monkey zombies
  2 worker ant zombies
  7 gnolls
  3 river rats (Sewer)
  12 adders
  2 shadow imps (D:8)
  An ooze (D:1)
  2 adder zombies (D:5)
  4 worms
  4 adder skeletons
  A dart slug (D:1)
  3 leopard geckos
  22 orcs
  8 ball pythons
  5 giant cockroaches
  8 hobgoblins
  10 jackals
  10 kobolds
  6 quokkas
  4 bats
  13 frilled lizards
  14 goblins
  3 goblin zombies (D:9)
  3 hobgoblin zombies (D:9)
  A leopard gecko skeleton (D:6)
  2 orc skeletons (D:9)
  A quokka zombie (D:6)
  17 rats
248 creatures vanquished.

Vanquished Creatures (collateral kills)
  3 killer bees
  A gnoll (D:7)
  An adder (D:8)
5 creatures vanquished.

Vanquished Creatures (others)
  A killer bee (D:9)
1 creature vanquished.

Grand Total: 254 creatures vanquished

Notes
Turn   | Place    | Note
-------+----------+-------------------------------------------
     0 | D:1      | GameOver the Naga Wizard began the quest for the Orb.
     0 | D:1      | Reached XP level 1. HP: 15/15 MP: 4/4
    67 | D:1      | Reached XP level 2. HP: 22/22 MP: 4/6
   274 | D:1      | Reached XP level 3. HP: 25/28 MP: 3/7
   278 | D:1      | Learned a level 2 spell: Blink
   282 | D:1      | Learned a level 3 spell: Mephitic Cloud
   724 | D:2      | Reached XP level 4. HP: 36/36 MP: 8/8
   725 | D:2      | Found a sacrificial altar of Ru.
  1483 | D:3      | Found a glowing silver altar of Zin.
  1542 | D:3      | Reached XP level 5. HP: 34/42 MP: 6/9
  1610 | D:3      | Found a shimmering blue altar of Sif Muna.
  1610 | D:3      | Found a shimmering altar of Xom.
  1666 | D:3      | Learned a level 2 spell: Slow
  1893 | D:3      | Reached skill level 5 in Conjurations
  2220 | D:4      | Noticed an ogre
  2299 | D:4      | Killed an ogre
  2299 | D:4      | Reached XP level 6. HP: 21/49 MP: 2/10
  2515 | D:4      | Found a snail-covered altar of Cheibriados.
  2591 | D:4      | You fall into a shaft and drop 3 floors!
  2597 | D:7      | Reached skill level 1 in Poison Magic
  2612 | D:7      | Found a burning altar of Makhleb.
  2614 | D:7      | Noticed an ice beast
  2620 | D:6      | Noticed a sky beast
  2638 | D:6      | Noticed a sky beast
  2641 | D:6      | Killed a sky beast
  2642 | D:6      | Gained mutation: You are frail. (-10% HP) [potion of
                  | mutation]
  2642 | D:6      | Gained mutation: You evolve. [potion of mutation]
  2644 | D:6      | Reached XP level 7. HP: 49/49 MP: 4/11
  2655 | D:6      | Reached skill level 5 in Poison Magic
  2921 | D:5      | Entered Level 5 of the Dungeon
  2933 | D:5      | Reached skill level 1 in Fighting
  2980 | D:5      | Reached skill level 1 in Hexes
  2980 | D:5      | Reached XP level 8. HP: 55/57 MP: 4/12
  2994 | D:5      | Found Xaikhlam's Magic Scroll Shoppe.
  2997 | D:5      | Bought a scroll of remove curse for 33 gold pieces
  2997 | D:5      | Bought a scroll of identify for 22 gold pieces
  2997 | D:5      | Bought a scroll of magic mapping for 38 gold pieces
  3040 | D:5      | Reached skill level 4 in Stealth
  3089 | D:5      | Found a glowing drain.
  3119 | Sewer    | Entered a sewer
  3638 | D:4      | Found a staircase to the Ecumenical Temple.
  3643 | Temple   | Entered the Ecumenical Temple
  3704 | Temple   | Became a worshipper of Kikubaaqudgha
  3950 | D:4      | Reached skill level 5 in Stealth
  4274 | D:5      | Found a stormy altar of Qazlal.
  4446 | D:5      | Found a runed translucent gate.
  4446 | D:5      | Found a runed translucent gate.
  4446 | D:5      | Found a runed translucent gate.
  4451 | D:5      | Noticed LSt's ghost (novice MiCK)
  4798 | D:5      | Bought a scroll of blinking for 82 gold pieces
  4798 | D:5      | Bought a scroll of teleportation for 33 gold pieces
  4939 | D:6      | Reached * piety under Kikubaaqudgha
  4939 | D:6      | Identified Kikubaaqudgha's Volume of Black Arts
                  | (Kikubaaqudgha gifted it to you on level 6 of the Dungeon)
  4939 | D:6      | Received a gift from Kikubaaqudgha
  4943 | D:6      | Learned a level 1 spell: Animate Skeleton
  4956 | D:6      | Reached XP level 9. HP: 45/66 MP: 7/15
  5171 | D:6      | Reached skill level 6 in Stealth
  5204 | D:7      | Found Tulixumn's Assorted Antiques.
  5339 | D:7      | Reached skill level 5 in Spellcasting
  5924 | D:8      | Reached skill level 7 in Stealth
  5924 | D:8      | Reached skill level 5 in Hexes
  6025 | D:8      | Lost mutation: You are frail. (-10% HP) [evolution]
  6171 | D:8      | Reached skill level 1 in Necromancy
  6185 | D:8      | Reached ** piety under Kikubaaqudgha
  6235 | D:7      | Bought a scroll labeled PIZUEV XIMEOX for 28 gold pieces
  6235 | D:7      | Bought a scroll labeled MOJO TUURAA for 28 gold pieces
  6506 | D:8      | Reached skill level 8 in Stealth
  6729 | D:8      | Noticed a hornet
  6738 | D:8      | Killed a hornet
  6738 | D:8      | Reached skill level 5 in Fighting
  6738 | D:8      | Reached XP level 10. HP: 88/88 MP: 11/17
  7123 | D:9      | Reached skill level 9 in Stealth
  7161 | D:9      | Found Yluahala's Assorted Antiques.
  7166 | D:9      | Reached skill level 5 in Necromancy
  7199 | D:9      | Found a blossoming altar of Fedhas.
  7278 | D:9      | Found a stormy altar of Qazlal.
  7468 | D:9      | Found a glowing golden altar of the Shining One.
  7735 | D:10     | Entered Level 10 of the Dungeon
  7747 | D:10     | Noticed a gargoyle
  7753 | D:10     | Noticed a two-headed ogre
  7753 | D:10     | Noticed a two-headed ogre
  7881 | D:10     | Got a faintly glowing diamond amulet
  7882 | D:10     | Identified the amulet "Foann" {Reflect *Slow Int+4 Dex+6
                  | SH+3} (You found it on level 10 of the Dungeon)
  7936 | D:10     | Killed a two-headed ogre
  7936 | D:10     | Reached skill level 10 in Stealth
  7944 | D:10     | Killed a two-headed ogre
  7994 | D:10     | Reached *** piety under Kikubaaqudgha
  7994 | D:10     | Identified Kikubaaqudgha's Papyrus of Unholy Rites
                  | (Kikubaaqudgha gifted it to you on level 10 of the Dungeon)
  7994 | D:10     | Received a gift from Kikubaaqudgha
  8000 | D:10     | Learned a level 3 spell: Spider Form
  8005 | D:10     | Learned a level 4 spell: Dispel Undead
  8005 | D:10     | Upgraded the game from 0.25-a0-558-g78a2afb0af to
                  | 0.25-a0-729-g14964f1db5
  8098 | D:10     | HP: 3/88 [water moccasin (6)]
  8104 | D:10     | Slain by a water moccasin

Levels and vault maps discovered:
D:1:      lightli_arrival_boilingwater, layout_basic, hangedman_feature_mirror,
          minmay_misc_feat_room, minmay_distorted
D:2:      layout_basic, nicolae_ru_awakened_eye, first_ration
D:3:      layout_basic, lemuel_crystal_altar, gammafunk_temple_overflow_elements
D:4:      layout_cave_pods, lemuel_doored_altar, minmay_temple_entry_nine_rooms
D:5:      layout_basic, cheibrodos_sewer_entry_drain, serial_shops,
          nicolae_shop_behind_doors, gammafunk_ghost_necromancy,
          nicolae_qazlal_general_emergency
D:6:      layout_cave_pools, st_stairs_10
D:7:      layout_cave_pools, makhleb_heckhound_becter, serial_shops,
          nicolae_shop_waterfront
D:8:      minmay_clustersquares, layout_layer_cave
D:9:      layout_rooms, grunt_temple_overflow_forces_of_nature,
          nicolae_tso_besieged_by_evil, serial_shops, kennysheep_mini
D:10:     layout_basic, david_lair_generic
Temple:   dshaligram_water_room_temple

Skill      XL: |  1  2  3  4  5  6  7  8  9 10 |
---------------+-------------------------------+-----
Conjurations   | 2 3 4 6 |  6.3
Poison Magic   | 4 6 |  6.5
Fighting       | 1 2 5 |  5.1
Hexes          | 1 3 5 |  5.0
Stealth        | 5 8 10 | 10.7
Translocations | 3 |  3.0
Spellcasting   | 4 5 6 |  6.1
Necromancy     | 3 6 |  6.2
Dodging        | |  1.5
Summonings     | |  1.0

Action                   |  1- 3 |  4- 6 |  7- 9 | 10-12 || total
-------------------------+-------+-------+-------+-------++-------
Melee: Dagger            |     4 |       |       |       ||     4
       Whip              |     6 |    58 |    61 |    33 ||   158
       Short sword       |       |     2 |   154 |    67 ||   223
 Cast: Magic Dart        |    38 |    57 |   195 |    60 ||   350
       Mephitic Cloud    |       |     7 |    28 |    20 ||    55
       Slow              |       |     1 |    11 |     1 ||    13
       Blink             |       |       |     1 |     2 ||     3
       Animate Skeleton  |       |       |     5 |       ||     5
 Abil: Spit Poison       |    30 |    54 |    95 |    23 ||   202
Evoke: Wand              |       |       |     3 |     6 ||     9
  Use: Potion            |       |     2 |     3 |       ||     5
       Scroll            |       |       |     5 |     9 ||    14
 Stab: Confused          |       |     1 |     5 |       ||     6
       Sleeping          |       |     1 |     3 |     1 ||     5
  Eat: Chunk             |     1 |     8 |    19 |     5 ||    33
       Ration            |       |       |       |     1 ||     1
Armor: Robe              |     4 |    16 |   117 |    75 ||   212
Dodge: Dodged            |     7 |    53 |   147 |   263 ||   470

Table legend:
 A = Non-vault XP
 B = Vault XP
 C = Vault XP percentage of total XP
 D = Non-vault monster count
 E = Vault monster count
 F = Vault count percentage of total count
                 A         B        C        D         E       F
            +---------+---------+-------+---------+---------+-------
      Total |    7595 |     569 |   7.0 |     214 |      40 |  15.7
            +---------+---------+-------+---------+---------+-------
        D:1 |      58 |       7 |  10.8 |      28 |       1 |   3.4
        D:2 |      58 |       0 |   0.0 |      26 |       0 |   0.0
        D:3 |     112 |       0 |   0.0 |      26 |       0 |   0.0
        D:4 |     440 |       0 |   0.0 |      21 |       0 |   0.0
        D:5 |     712 |       4 |   0.6 |      21 |       2 |   8.7
        D:6 |    1068 |       2 |   0.2 |      25 |       1 |   3.8
        D:7 |     740 |      42 |   5.4 |      20 |       1 |   4.8
        D:8 |    1247 |     380 |  23.4 |      20 |       7 |  25.9
        D:9 |    1329 |      54 |   3.9 |      24 |       9 |  27.3
       D:10 |    1831 |       0 |   0.0 |       3 |       0 |   0.0
      Sewer |       0 |      80 | 100.0 |       0 |      19 | 100.0
            +---------+---------+-------+---------+---------+-------
